 Dungeon Crawl Stone Soup version bcrawl-1.32 (webtiles) character file.

Game seed: 13651140029978890462

102012 Morbidden the Ducker (level 3, -5/23 HPs)
             Began as a Fairy Archaeologist on June 29, 2021.
             Killed from afar by a crimson imp (11 damage)
             ... with a flame tongue
             ... on level 2 of the Dungeon.
             The game lasted 00:02:00 (1505 turns).

Morbidden the Ducker (Fairy Archaeologist)          Turns: 1505, Time: 00:02:01

Health: -5/23      AC:  7    Str:  9    XL:     3   Next: 50%
Magic:  5/5        EV: 17    Int: 18    God:
Gold:   57         SH:  4    Dex: 10    Spells: 2/2 levels left

rFire    . . .     SeeInvis .     - Fists (3.4)
rCold    . . .     Gourm    .   (shield restricted)
rNeg     . . .     Faith    .   (armour unavailable)
rPois    .         Spirit   .   c - +1 hat
rElec    .         Reflect  .   (no cloak)
rCorr    .         Harm     .   (no gloves)
MR       .....                  d - +1 pair of boots
Stlth    +.........             (no amulet)
HPRegen  0.00/turn              (no ring)
MPRegen  0.09/turn              (no ring)

@: swift, flying evasively, quick
A: small, magic attunement, unstealthy, unfitting armour, talons 1, inhibited
regeneration, evolution 1, able to fly, AC/SH +4
a: Stop Flying


You were on level 2 of the Dungeon.
You were not hungry.

You visited 1 branch of the dungeon, and saw 2 of its levels.

You collected 57 gold pieces.

Inventory:

Hand Weapons
 b - a +0 blowgun
Missiles
 h - 6 curare-tipped needles
 r - 160 poisoned needles
Armour
 c - a +1 hat (worn)
 d - a +1 pair of boots (worn)
Scrolls
 a - a scroll of remove curse {unknown}
 f - a scroll of magic mapping
 i - a scroll of amnesia {unknown}
 p - a scroll of enchant armour {unknown}
 q - a scroll of teleportation {unknown}
Potions
 k - a potion of mutation
 l - a potion of degeneration {unknown}
 m - a potion of flight
 n - a potion of magic {unknown}
 o - 2 potions of brilliance {unknown}
Miscellaneous
 g - a dusty tome
Comestibles
 e - a ration {!d}
 j - 2 chunks of flesh


   Skills:
 * Level 1.0 Fighting
   Level 0.8 Maces & Flails
 * Level 5.0 Dodging
 + Level 2.7 Stealth
 * Level 0.7 Unarmed Combat
 * Level 0.4 Spellcasting


You had 2 spell levels left.
You didn't know any spells.
Your spell library was empty.

Dungeon Overview and Level Annotations

Branches:
Dungeon (2/12)

Altars:


Innate Abilities, Weirdness & Mutations

Your spells do not cause hunger and MP costs are reduced by 1.
Your bright wings attract enemies. (Stealth-)
You cannot fit into any form of body armour.
Your shimmering scales are hard and can block incoming attacks. (AC +4, SH +4)
You are small and have problems with some larger weapons.
You can fly continuously.
You have sharp toenails.
You do not regenerate when monsters are visible.
You evolve.


Message History

You hit the crimson imp but do no damage.
The bat hits you but does no damage. The crimson imp closely misses you.
You closely miss the crimson imp. The bat closely misses you.
The bat barely misses you. The crimson imp closely misses you.
You miss the crimson imp. The bat closely misses you.
You block the bat's attack. You block the crimson imp's attack.
You closely miss the crimson imp. The bat misses you.
The bat barely misses you. The crimson imp misses you.
You hit the crimson imp but do no damage.
The bat hits you but does no damage. The bat completely misses you.
You miss the crimson imp. The bat barely misses you.
The crimson imp grins evilly.
The crimson imp hits you with a +0 spear.
* * * LOW HITPOINT WARNING * * *
You hit the crimson imp.
The crimson imp is lightly wounded.
The bat completely misses you. The crimson imp breathes fire at you.
The flame tongue hits you!
You die...

###
###################.####
........................
.######.###....(###.#.##
#.# #.........#...
###.###......#######
#....#..@b##......#
..#.#..5.#######...#
#.#.#....# ###.#
#...#....# .# #
#...#....# # # ...#....#
... #.#....## .. #
#.รท.....# ##.#.......#


You could see a crimson imp and a bat.

Vanquished Creatures
  An ooze (D:2)
  A leopard gecko (D:1)
  2 bats
  A giant cockroach (D:2)
  4 goblins
  8 hobgoblins
  A jackal (D:2)
  6 kobolds
  2 frilled lizards
  5 rats
31 creatures vanquished.

Notes
Turn   | Place    | Note
-------+----------+-------------------------------------------
     0 | D:1      | Morbidden the Fairy Archaeologist began the quest for the
                  | Orb.
     0 | D:1      | Reached XP level 1. HP: 12/12 MP: 3/3
   146 | D:1      | Reached XP level 2. HP: 16/18 MP: 4/4
   643 | D:1      | Reached skill level 1 in Fighting
  1018 | D:2      | Reached XP level 3. HP: 23/23 MP: 5/5
  1452 | D:2      | Reached skill level 5 in Dodging
  1452 | D:2      | Identified the ring of the Little Devil {+Fly Dex+4}
  1486 | D:2      | Gained mutation: You do not regenerate when monsters are
                  | visible. [potion of mutation]
  1486 | D:2      | Gained mutation: You evolve. [potion of mutation]
  1486 | D:2      | Gained mutation: You have sharp toenails. [potion of
                  | mutation]
  1505 | D:2      | Killed from afar by a crimson imp

Skill      XL: |  1  2  3 |
---------------+----------+-----
Fighting       | 1 |  1.0
Dodging        | 5 |  5.0
Maces & Flails | |  0.8
Stealth        | |  2.7
Unarmed Combat | |  0.7
Spellcasting   | |  0.4

Action                   || total
-------------------------++-------
Melee: Whip              ||    27
       Unarmed           ||   251
  Use: Potion            ||     2
  Eat: Chunk             ||     5
       Ration            ||     1
Armor: Skin              ||    54
Dodge: Dodged            ||   248
Block: Other             ||    68
